 Dungeon Crawl Stone Soup version 0.27-a0-202-gdcb3803577 (webtiles) character file.

Game seed: 8652709761091832143

7428 Astera the Carver (level 10, -3/91 HPs)
             Began as a Minotaur Fighter on Jan 30, 2021.
             Was an Elder of Ru.
             Killed by divine providence
             ... invoked by Saint Roka
              (14 damage)
             ... on level 1 of the Orcish Mines.
             The game lasted 00:55:54 (14516 turns).

Astera the Carver (Minotaur Fighter)               Turns: 14516, Time: 00:55:55

Health: -3/91      AC: 10    Str: 27    XL:     10   Next: 93%
Magic:  0/9        EV: 15    Int:  5    God:    Ru [****..]
Gold:   1002       SH: 13    Dex: 11    Spells: 9/9 levels left

rFire    . . .     SeeInvis +   t - +1 falchion of the Mice {elec, rC- Str+4} (curse)
rCold    x . .     Faith    .   c - +0 kite shield
rNeg     . . .     Spirit   +   K - +0 troll leather armour
rPois    +         Reflect  .   (helmet restricted)
rElec    .         Harm     .   S - +2 cloak
rCorr    .         Rampage  .   R - +0 pair of gloves
Will     .....                  (no boots)
Stlth    +.........             g - amulet of guardian spirit
HPRegen  0.65/turn              k - ring of poison resistance
MPRegen  0.11/turn              I - ring of see invisible

@: no status effects
A: retaliatory headbutt, horns 2, hated by all, no air magic, no hexes magic, no
translocations magic, inexperienced 1
a: Renounce Religion, Draw Out Power, Power Leap


You were on level 1 of the Orcish Mines.
You worshipped Ru.
Ru was greatly pleased with you.
You visited 2 branches of the dungeon, and saw 14 of its levels.

You collected 1218 gold pieces.
You spent 216 gold pieces at shops.

Inventory:

Hand Weapons
 a - a +0 long sword
 t - the cursed +1 falchion of the Mice (weapon) {elec, rC- Str+4}
   (You bought it in a shop on level 4 of the Dungeon)

   Occasionally, upon striking a foe, it can discharge electrical energy and
   cause terrible harm.
   It affects your strength (+4).
   It makes you vulnerable to cold.
   It has a curse placed upon it.
Missiles
 r - 4 boomerangs (quivered)
Armour
 c - a +0 kite shield (worn)
 K - a +0 troll leather armour (worn)
 R - a +0 pair of gloves (worn)
 S - a +2 cloak (worn)
Jewellery
 g - an amulet of guardian spirit (around neck)
 k - a ring of poison resistance (left hand)
 y - an uncursed amulet of the acrobat {unknown}
 I - a ring of see invisible (right hand)
 L - an uncursed amulet of the acrobat {unknown}
 P - an uncursed ring of flight {unknown}
Wands
 s - a wand of mindburst (35)
 w - a wand of random effects (34)
 D - a wand of digging (4)
 G - a wand of flame (14)
Scrolls
 b - a scroll of enchant weapon {unknown}
 f - 12 scrolls of teleportation
 h - 6 scrolls of random uselessness {unknown}
 j - 3 scrolls of fog {unknown}
 m - a scroll of fear {unknown}
 n - 2 scrolls of blinking {unknown}
 o - 11 scrolls of remove curse {unknown}
 p - 3 scrolls of enchant armour {unknown}
 u - 2 scrolls of amnesia {unknown}
 C - a scroll of immolation {unknown}
 J - 5 scrolls of identify
 M - 2 scrolls of magic mapping {unknown}
 O - 3 scrolls of vulnerability {unknown}
 Q - a scroll of silence {unknown}
Potions
 d - 2 potions of might
 e - a potion of brilliance
 i - a potion of lignification
 l - 6 potions of heal wounds
 q - 3 potions of flight
 v - 2 potions of ambrosia
 x - 5 potions of mutation
 z - a potion of magic {unknown}
 A - 5 potions of curing {unknown}
 B - 2 potions of invisibility
 E - a potion of cancellation {unknown}
 F - a potion of degeneration {unknown}
 H - 2 potions of haste {unknown}
 N - a potion of attraction {unknown}


   Skills:
 + Level 9.6 Fighting
 + Level 13.2 Long Blades
 + Level 9.8 Armour
 + Level 8.2 Dodging
 - Level 1.0 Stealth
 + Level 12.4 Shields


You had 9 spell levels left.
You didn't know any spells.
Your spell library contained the following spells:

 Spells                   Type           Power        Failure   Level
 Pain                     Necr           0%           63%         1
 Sandblast                Erth           0%           63%         1
 Sting                    Tmut/Pois      0%           63%         1
 Passwall                 Tmut/Erth      0%           77%         2
 Ignite Poison            Fire/Tmut/Pois 0%           94%         3
 Stone Arrow              Conj/Erth      0%           94%         3
 Vampiric Draining        Necr           0%           94%         3
 Olgreb's Toxic Radiance  Pois           0%           100%        4
 Petrify                  Tmut/Erth      0%           100%        4
 Agony                    Necr           0%           100%        5
 Lee's Rapid Deconstruct  Erth           0%           100%        5
 Animate Skeleton         Necr           Unusable     N/A         1
 Apportation              Tloc           Unusable     N/A         1
 Corona                   Hex            Unusable     N/A         1
 Summon Small Mammal      Summ           Unusable     N/A         1
 Call Imp                 Summ           Unusable     N/A         2
 Poisonous Vapours        Pois/Air       Unusable     N/A         2
 Call Canine Familiar     Summ           Unusable     N/A         3
 Mephitic Cloud           Conj/Pois/Air  Unusable     N/A         3
 Summon Guardian Golem    Hex/Summ       Unusable     N/A         3
 Animate Dead             Necr           Unusable     N/A         4
 Cause Fear               Hex            Unusable     N/A         4
 Summon Ice Beast         Ice/Summ       Unusable     N/A         4
 Summon Lightning Spire   Summ/Air       Unusable     N/A         4
 Silence                  Hex/Air        Unusable     N/A         5
 Yara's Violent Unravell  Hex/Tmut       Unusable     N/A         5
 Discord                  Hex            Unusable     N/A         8

Dungeon Overview and Level Annotations

Branches:
Dungeon (12/15)            Temple (0/1) D:7            Lair (0/6) D:11
    Orc (2/2) D:12            Elf (0/3) Orc:2

Altars:
Ashenzari
Cheibriados
Dithmenos
Hepliaklqana
Nemelex Xobeh
Okawaru
Ru
Sif Muna
Wu Jian
Xom
The Shining One

Shops:
D:4 *(:(   D:9 [*!:[   D:12 *   Orc:1 *(:

Annotations:
D:12 3 runed translucent doors, Fafruxeps's ghost, journeyman DsCj; Gurom Pad's ghost, journeyman MiFi; Sahoed's ghost, journeyman VSBe
Orc:1 Saint Roka


Innate Abilities, Weirdness & Mutations

You reflexively headbutt those who attack you in melee.
You have a pair of horns on your head.
You are hated by all.
You cannot study or cast Air magic.
You cannot study or cast Hexes magic.
You cannot study or cast Translocations magic.
You are somewhat inexperienced. (-2 XL)


Message History

Saint Roka is lightly wounded.
Things that are here:
a +0 leather armour; a +0 club
Things that are here:
a +0 robe; a +0 dagger Saint Roka calls down the wrath of Beogh upon you.
Beogh smites you!
* * * LOW HITPOINT WARNING * * *
Saint Roka mumbles some strange prayers to Beogh against you.
Beogh smites you!
* * * LOW HITPOINT WARNING * * *
Saint Roka invokes the aid of Beogh against you.
Beogh smites you!
* * * LOW HITPOINT WARNING * * *
Things that are here:
a +0 leather armour; a +0 war axe
There is a staircase back to the Dungeon, spattered with blood here.
Saint Roka calls down the wrath of Beogh upon you.
Beogh smites you!
You die...

##...# ##....### #
##..#....##
####..###....## ..#...#
#...#.# ......###...###
..#.#[[#....#
...###>).#########
8.#####[.####...@###
...#.#..[..#...[..^#
..##..[)...#.o[.).###
.......##......#)...###
.#...####....##.#.....#
......######........###
..##...###^.........#
...#..##^#..###...###
..###.###.^..^##..#


You could see Saint Roka.

Vanquished Creatures
  An orc warlord (D:12)
  A boulder beetle (D:12)
  A two-headed ogre (D:10)
  Nergalle (D:11)
  4 skeletal warriors
  Pikel (D:4)
  A cyclops (D:11)
  A manticore (D:12)
  An elephant (D:11)
  2 gargoyles
  3 trolls
  A hornet (D:10)
  5 yaks
  2 wyverns
  Eustachio (D:6)
  A basilisk (D:11)
  Edmund (D:6)
  3 wargs
  An acid dragon (D:11)
  A water moccasin (D:8)
  Duvessa (D:7)
  5 sky beasts
  13 orc warriors
  3 black bears
  4 ice beasts
  5 phantoms
  8 ogres
  6 centaurs
  6 bullfrogs
  Dowan (D:6)
  3 scorpions
  8 wights
  3 howler monkeys
  A quasit (D:6)
  A bullfrog zombie (D:6)
  2 hounds
  12 orc priests
  3 bullfrog skeletons
  3 jellies
  3 centaur skeletons
  2 iguanas
  6 orc wizards
  6 worker ants
  A hound zombie (D:7)
  2 hound skeletons
  2 worker ant zombies
  11 gnolls
  16 adders
  2 shadow imps
  4 white imps
  3 ufetubi
  2 adder skeletons
  An adder zombie (D:9)
  3 worms (D:2)
  6 leopard geckos
  42 orcs
  3 ball pythons
  9 bats
  6 giant cockroaches
  17 goblins
  7 hobgoblins
  15 jackals
  9 quokkas
  6 frilled lizards
  2 jackal skeletons
  11 kobolds
  A leopard gecko skeleton (D:5)
  6 rats
325 creatures vanquished.

Vanquished Creatures (others)
  2 fungi (D:11)
  2 plants (D:5)
  4 withered plants (D:12)
8 creatures vanquished.

Grand Total: 333 creatures vanquished

Notes
Turn   | Place    | Note
-------+----------+-------------------------------------------
     0 | D:1      | Astera the Minotaur Fighter began the quest for the Orb.
     0 | D:1      | Reached XP level 1. HP: 19/19 MP: 0/0
   159 | D:1      | Reached XP level 2. HP: 18/27 MP: 1/1
   932 | D:1      | Reached XP level 3. HP: 33/33 MP: 2/2
  1107 | D:2      | Reached skill level 3 in Long Blades
  1331 | D:2      | Reached skill level 1 in Dodging
  1334 | D:2      | Reached XP level 4. HP: 25/40 MP: 3/3
  2029 | D:3      | Reached skill level 1 in Stealth
  2251 | D:3      | Reached XP level 5. HP: 47/47 MP: 4/4
  2617 | D:4      | Found Juskatoxo's Antique Weapon Emporium.
  2641 | D:4      | Reached skill level 4 in Long Blades
  2771 | D:4      | Reached skill level 5 in Armour
  2798 | D:4      | Noticed a phantom
  2899 | D:4      | Killed a phantom
  2900 | D:4      | Reached XP level 6. HP: 53/53 MP: 5/5
  2971 | D:4      | Found Jimu's Book Shop.
  3029 | D:4      | Found Kiqipn's General Store.
  3206 | D:4      | Noticed Pikel
  3384 | D:4      | Found Lutestesm's Weapon Boutique.
  3662 | D:4      | Killed Pikel
  3663 | D:4      | Reached skill level 5 in Fighting
  3663 | D:4      | Reached skill level 5 in Long Blades
  3663 | D:4      | Reached skill level 5 in Shields
  3663 | D:4      | Reached XP level 7. HP: 44/61 MP: 6/6
  3739 | D:4      | Bought a fine falchion for 216 gold pieces
  3739 | D:4      | Identified the cursed +1 falchion of the Mice {elec, rC-
                  | Str+4} (You bought it in a shop on level 4 of the Dungeon)
  3847 | D:5      | Entered Level 5 of the Dungeon
  3864 | D:5      | Reached skill level 6 in Long Blades
  3876 | D:5      | Found a sparkling altar of Nemelex Xobeh.
  4212 | D:5      | Reached XP level 8. HP: 46/68 MP: 4/7
  4406 | D:5      | Found a snail-covered altar of Cheibriados.
  4558 | D:5      | Found a shimmering blue altar of Sif Muna.
  4602 | D:5      | Found a sacrificial altar of Ru.
  4608 | D:5      | Became a worshipper of Ru the Awakened
  4666 | D:5      | Found an iron altar of Okawaru.
  4881 | D:6      | Noticed Edmund
  4995 | D:6      | Noticed Eustachio
  5032 | D:5      | Reached skill level 7 in Long Blades
  5088 | D:6      | Killed Eustachio
  5826 | D:6      | Killed Edmund
  5827 | D:6      | Reached XP level 9. HP: 72/75 MP: 8/8
  6054 | D:7      | Noticed Duvessa
  6069 | D:7      | Killed Duvessa
  6070 | D:7      | Reached skill level 8 in Long Blades
  6071 | D:7      | Noticed Dowan
  6112 | D:6      | Killed Dowan
  6144 | D:7      | Found a staircase to the Ecumenical Temple.
  6296 | D:7      | Found a sacrificial altar of Ru.
  6334 | D:7      | Gained mutation: You are hated by all. [Ru sacrifice]
  6334 | D:7      | Reached * piety under Ru
  6364 | D:7      | Found a shimmering altar of Xom.
  6365 | D:7      | Found a hazy altar of Hepliaklqana.
  6366 | D:7      | Noticed a spectral ugly thing
  6503 | D:7      | Found an ornate altar of the Wu Jian Council.
  7000 | D:8      | Found a broken altar of Ashenzari.
  7175 | D:8      | Reached skill level 9 in Long Blades
  7344 | D:9      | Found Beujury's Armour Boutique.
  7363 | D:9      | Noticed a troll
  7377 | D:9      | Killed a troll
  7684 | D:8      | Reached XP level 10. HP: 56/84 MP: 7/9
  7799 | D:9      | Found a shadowy altar of Dithmenos.
  7875 | D:9      | Found Galluife's Distillery.
  7886 | D:9      | Found Femmaaf's Assorted Antiques.
  7951 | D:9      | Found Muclajuk's Book Emporium.
  8009 | D:9      | Found Hafeac's Antique Armour Boutique.
  8339 | D:8      | Reached skill level 10 in Long Blades
  8507 | D:10     | Entered Level 10 of the Dungeon
  8565 | D:10     | Found a glowing golden altar of the Shining One.
  8636 | D:10     | Found a broken altar of Ashenzari.
  8646 | D:10     | Gained mutation: You cannot study or cast Air magic. [Ru
                  | sacrifice]
  8646 | D:10     | Gained mutation: You cannot study or cast Hexes magic. [Ru
                  | sacrifice]
  8646 | D:10     | Gained mutation: You cannot study or cast Translocations
                  | magic. [Ru sacrifice]
  8646 | D:10     | Reached ** piety under Ru
  8804 | D:10     | Reached skill level 5 in Dodging
  9434 | D:10     | Noticed a two-headed ogre
  9453 | D:10     | Killed a two-headed ogre
  9454 | D:10     | Reached skill level 11 in Long Blades
  9454 | D:10     | Reached skill level 10 in Shields
  9622 | D:11     | Noticed a cyclops
  9707 | D:11     | Killed a cyclops
 10018 | D:11     | Reached XP level 11. HP: 94/94 MP: 10/10
 10356 | D:11     | Reached skill level 12 in Long Blades
 10434 | D:11     | Found a staircase to the Lair.
 10476 | D:11     | Noticed Nergalle
 10636 | D:11     | Killed Nergalle
 10937 | D:12     | Noticed a skeletal warrior
 10937 | D:12     | Noticed a skeletal warrior
 10937 | D:12     | Noticed a skeletal warrior
 10937 | D:12     | Noticed a skeletal warrior
 10958 | D:11     | Killed a skeletal warrior
 10971 | D:11     | Killed a skeletal warrior
 11041 | D:12     | Killed a skeletal warrior
 11192 | D:12     | Killed a skeletal warrior
 11426 | D:12     | Gained mutation: You are somewhat inexperienced. (-2 XL)
                  | [Ru sacrifice]
 11426 | D:12     | Reached XP level 10. HP: 83/91 MP: 8/9
 11426 | D:12     | Reached XP level 9. HP: 83/83 MP: 8/8
 11426 | D:12     | Reached *** piety under Ru
 11426 | D:12     | Reached **** piety under Ru
 11439 | D:12     | Found a runed translucent gate.
 11439 | D:12     | Found a runed translucent gate.
 11439 | D:12     | Found a runed translucent gate.
 11439 | D:12     | Noticed Gurom Pad's ghost (journeyman MiFi)
 11440 | D:12     | Noticed Sahoed's ghost (journeyman VSBe)
 11441 | D:12     | Noticed Fafruxeps's ghost (journeyman DsCj)
 11661 | D:12     | Found a staircase to the Orcish Mines.
 11803 | D:12     | Found Plish's Practical Paraphernalia.
 11888 | D:12     | Noticed a boulder beetle
 11913 | D:12     | Killed a boulder beetle
 11914 | D:12     | Reached XP level 10. HP: 72/91 MP: 7/9
 12071 | D:12     | Noticed a manticore
 12083 | D:12     | Killed a manticore
 12581 | Orc:1    | Entered Level 1 of the Orcish Mines
 12993 | Orc:1    | Reached skill level 13 in Long Blades
 13387 | Orc:1    | Found Wunt's Book Shoppe.
 13403 | Orc:1    | Found Ogysm's Antique Weapon Emporium.
 13408 | Orc:1    | Found Loliv's General Store.
 13414 | Orc:1    | Noticed an orc warlord
 13655 | D:12     | Killed an orc warlord
 13876 | Orc:2    | Entered Level 2 of the Orcish Mines
 14222 | Orc:2    | Found a staircase to the Elven Halls.
 14375 | Orc:2    | Noticed Saint Roka
 14516 | Orc:1    | Killed from afar by Saint Roka

Illustrated notes

Levels and vault maps discovered:
D:1:      nagdon_arrival_double_spiral, layout_basic, serial_corexii_hall,
          corexii_hall_statues_t, corexii_hall_statues_x,
          chequers_hall_statues_corner_a, chequers_hall_statues_wall_a
D:2:      layout_basic
D:3:      layout_loops_cross
D:4:      layout_loops_ring, serial_shops, shop, shop, nicolae_shop_trees, shop,
          kennysheep_cluttered_room, uniq_pikel
D:5:      layout_basic, lemuel_doored_altar, general_overflow_altar,
          lemuel_crystal_altar, basic_altar, serial_bayou_pond_c,
          ebering_dispersal_statue_hall, kennysheep_okawaru_gauntlet
D:6:      layout_cave_pools, uniq_eustachio, uniq_edmund
D:7:      layout_rooms, regret_index_temple_of_mockery, lemuel_crystal_altar,
          nzn_wu_jian_contemplation, temple_fountains, uniq_duvessa
D:8:      layout_basic, nicolae_overflow_crystal_walls
D:9:      layout_cave_pods, nicolae_dithmenos_through_a_glass_darkly,
          serial_shops, shop, shop, nicolae_shop_window_shopping, shop,
          nicolae_shop_behind_doors
D:10:     layout_roguey, basic_altar, nicolae_tso_swordbearing_angel
D:11:     layout_loops_ring, david_lair_generic, minmay_quadrilaterals,
          uniq_nergalle
D:12:     layout_cave_pods, david_orc_1_choice, gammafunk_ghost_cemetery,
          nicolae_alphabet_shops
Orc:1:    layout_diamond_mine, serial_shops, nicolae_shop_statue_plus, shop,
          shop, nicolae_orc_tapped_out, uniq_harold
Orc:2:    grunt_orc_community_town_hall, layout_caves,
          grunt_orc_community_big_house_2, grunt_orc_community_big_house_1,
          grunt_orc_community_house_1, grunt_orc_community_house_1,
          grunt_orc_community_house_2, grunt_orc_community_house_1,
          grunt_orc_community_house_1, serial_shops, nicolae_shop_behind_doors

Skill      XL: |  1  2  3  4  5  6  7  8  9 10 11 |
---------------+----------------------------------+-----
Armour         | 4 5 6 7 8 9 |  9.8
Fighting       | 4 5 6 8 9 |  9.6
Long Blades    | 3 4 5 6 7 9 13 12 | 13.2
Dodging        | 1 2 3 4 8 7 |  8.2
Shields        | 4 5 6 7 12 10 11 | 12.4
Stealth        | 1 |  1.0

Action                   |  1- 3 |  4- 6 |  7- 9 | 10-12 || total
-------------------------+-------+-------+-------+-------++-------
Melee: Long sword        |    93 |   166 |       |       ||   259
       Headbutt          |    12 |    25 |    79 |   117 ||   233
       Falchion          |       |       |   307 |   472 ||   779
Throw: Boomerang         |       |       |       |     2 ||     2
Invok: Sacrifice Love    |       |       |     1 |       ||     1
       Sacrifice Experie |       |       |     1 |       ||     1
       Sacrifice Arcana  |       |       |       |     1 ||     1
  Use: Scroll            |       |       |     8 |       ||     8
 Stab: Distracted        |       |       |       |     2 ||     2
       Invisible         |       |       |       |     1 ||     1
       Sleeping          |       |       |       |     1 ||     1
Armor: Scale mail        |    40 |    55 |    74 |       ||   169
       Troll leather arm |       |       |     5 |    56 ||    61
Dodge: Dodged            |    32 |    55 |    91 |   125 ||   303
Block: Kite shield       |    50 |    93 |   146 |   216 ||   505
       Rpst.: Long sword |     8 |    17 |       |       ||    25
       Falchion          |       |       |    26 |    27 ||    53

Table legend: (Time is in decaauts)
 A = Elapsed time spent in this place.
 B = Non-inter-level travel time spent in this place.
 C = Inter-level travel time spent in this place.
 D = Time resting spent in this place.
 E = Time spent auto-exploring this place.
 F = Levels seen in this place.
 G = Mean time per level.
                   A        B        C        D        E       F      G
               +--------+--------+--------+--------+--------+-----+--------+
         Total |  14659 |  13903 |    756 |   2830 |   6833 |  14 | 1047.1 |
       Dungeon |  12973 |  12234 |    739 |   1813 |   6726 |  12 | 1081.1 |
  Orcish Mines |   1686 |   1669 |     17 |   1017 |    107 |   2 |  843.0 |
               +--------+--------+--------+--------+--------+-----+--------+

Top non-repeatable levels by time:
     D:5: 1548 daAuts
    D:12: 1500 daAuts
    D:11: 1366 daAuts
    D:10: 1222 daAuts
   Orc:1: 1200 daAuts
     D:1: 1155 daAuts
     D:9: 1131 daAuts
     D:3: 1051 daAuts
     D:4: 971 daAuts
     D:2: 856 daAuts
     D:8: 740 daAuts
     D:7: 717 daAuts
     D:6: 711 daAuts
   Orc:2: 486 daAuts
